 Dungeon Crawl Stone Soup version 0.18.1-50-g88ac8fd (webtiles) character file.

358622 theElss the Slayer (level 22, -5/210 HPs)
             Began as a Gargoyle Berserker on Sept 28, 2016.
             Was the Champion of Trog.
             Killed from afar by a fire giant (38 damage)
             ... with a bolt of fire
             ... on level 2 of the Depths on Sept 29, 2016.
             The game lasted 03:14:28 (51609 turns).

theElss the Slayer (Gargoyle Berserker)            Turns: 51609, Time: 03:14:31

Health: -5/210     AC: 58    Str: 49    XL:     22   Next: 39%
Magic:  39/39      EV:  9    Int: 10    God:    Trog [******]
Gold:   3369       SH: 27    Dex: 20    Spells: 0 memorised, 21 levels left

rFire  . . .     SeeInvis +     M - +8 eveningstar of an ossuary {holy, *Noise Dex+6}
rCold  x . .     Gourm    +     L - +8 plate armour of the Blessings {rF- MP+9 Str+8}
rNeg   + . .     Faith    .     y - +0 large shield
rPois  ∞         Spirit   .     S - +2 helmet of Cowardice {Int+2}
rElec  +         Dismiss  .     U - +2 cloak of Cheibriados's Scorn {Str-2 Dex+4 SInv}
rCorr  .         Reflect  .     w - +1 pair of gloves
SustAt .         Harm     .     x - +1 pair of boots "Zuilil" {rElec rC- Str+10 Slay+3}
MR     +....                    D - amulet of the gourmand
Stlth  ..........               s - ring of protection from fire
                                p - +3 ring of protection

@: berserking, flying, very quick, somewhat resistant to hostile enchantments,
extremely unstealthy
A: big wings, dopey 1, frail 1, negative energy resistance 1, electricity
resistance, unbreathing, petrification resistance, rot immunity, AC +16
a: Stop Flying, Berserk, Trog's Hand, Brothers in Arms, Burn Spellbooks,
Renounce Religion
}: 2/15 runes: decaying, serpentine


You were on level 2 of the Depths.
You worshipped Trog.
Trog was exalted by your worship.
You were not hungry.

You visited 7 branches of the dungeon, and saw 39 of its levels.
You visited the Abyss 1 time.
You also visited: Labyrinth.

You collected 4483 gold pieces.
You spent 1114 gold pieces at shops.

Inventory:

Hand Weapons
 M - the +8 eveningstar of an ossuary (weapon) {holy, *Noise Dex+6}
   (Trog gifted it to you on level 1 of the Lair of Beasts)

   It has been blessed by the Shining One to cause great damage to the undead
   and demons.
   It affects your dexterity (+6).
   It may make noises in combat.
Armour
 w - a +1 pair of gloves (worn)
 x - the +1 pair of boots "Zuilil" (worn) {rElec rC- Str+10 Slay+3}
   (You found it on level 5 of the Lair of Beasts)

   It affects your strength (+10).
   It affects your accuracy and damage with ranged weapons and melee attacks
   (+3).
   It makes you vulnerable to cold.
   It insulates you from electricity.
 y - a +0 large shield (worn)
 L - the +8 plate armour of the Blessings (worn) {rF- MP+9 Str+8}
   (You found it on level 9 of the Dungeon)

   It affects your strength (+8).
   It makes you vulnerable to fire.
   It affects your magic capacity (+9).
 S - the +2 helmet of Cowardice (worn) {Int+2}
   (You bought it in a shop on level 3 of the Snake Pit)

   It affects your intelligence (+2).
 U - the +2 cloak of Cheibriados's Scorn (worn) {Str-2 Dex+4 SInv}
   (You found it on level 10 of the Dungeon)

   It affects your strength (-2).
   It affects your dexterity (+4).
   It lets you see invisible.
 W - the +4 troll leather armour of Piefel {+Fly rF- rC+ Regen+}
   (You found it on level 4 of the Snake Pit)

   It makes you vulnerable to fire.
   It protects you from cold.
   It lets you fly.
   It increases your rate of regeneration.
Jewellery
 b - the ring "Bejut" {Ice rElec Dex+4}
   (You took it off a deep elf archer on level 3 of the Elven Halls)

   [ring of ice]

   It enhances your ice magic, and weakens your fire magic.
   It affects your dexterity (+4).
   It makes you vulnerable to fire.
   It protects you from cold.
   It insulates you from electricity.
 p - a +3 ring of protection (left hand)
 s - a ring of protection from fire (right hand)
 D - an amulet of the gourmand (around neck)
Wands
 n - a wand of flame (26/48)
 I - a wand of slowing (9/48)
 J - a wand of lightning (7/15)
 P - a wand of digging (7/24)
 Q - a wand of teleportation (5/9)
Scrolls
 f - 3 scrolls of identify
 h - 15 scrolls of remove curse
 l - 9 scrolls of magic mapping
 m - 17 scrolls of teleportation
 K - 2 scrolls of blinking
 X - 2 scrolls of silence
 Z - 2 scrolls of fear
Potions
 o - 20 potions of curing
 t - 4 potions of heal wounds
 A - 3 potions of haste
 C - a potion of resistance
Miscellaneous
 a - a phial of floods
 c - a lamp of fire
 d - 2 phantom mirrors
 e - a stone of tremors
 g - a sack of spiders


   Skills:
 + Level 22.1 Fighting
 - Level 21.0 Maces & Flails
 + Level 17.3 Armour
 - Level 1.5 Dodging
 - Level 18.0 Shields
 * Level 11.7 Evocations


You had 21 spell levels left.
You didn't know any spells.

Dungeon Overview and Level Annotations

Branches:
Dungeon (15/15)            Temple (0/1) D:7            Lair (8/8) D:8
  Swamp (4/4) Lair:3        Snake (4/4) Lair:3        Slime (0/6) Lair:8
    Orc (2/2) D:11            Elf (3/3) Orc:2        Vaults (0/5) D:14
 Depths (3/5) D:15

Altars:
Ashenzari
Cheibriados
Elyvilon
Gozag
Kikubaaqudgha
Makhleb
Nemelex Xobeh
Okawaru
Pakellas
Qazlal
Vehumet
Xom
Yredelemnul
Zin
The Shining One
Beogh

Shops:
D:4 !   D:6 (   Orc:2 [}}(}?   Elf:1 (   Elf:3 *   Snake:3 %[%[   Depths:1 *

Portals:
Hell: Depths:1 Depths:2 Depths:3
Abyss: Depths:1 Depths:2 Depths:3
Pandemonium: Depths:1 Depths:3
Ziggurat: Depths:2
Trove: D:10 (give 9 potions of agility)


Innate Abilities, Weirdness & Mutations

You are resistant to torment.
Your stone body is resilient (AC +16).
You are immune to poison.
Your large and strong wings let you fly indefinitely.
You resist negative energy.
You are resistant to electric shocks.
You can survive without breathing.
You are immune to petrification.
You are immune to rotting.
You are dopey. (Int -2)
You are frail (-10% HP).


Message History

The titan closely misses you.
The fire giant hits you but does no damage.
Unknown command.
You hit the fire giant.
The fire giant is almost dead.
You block the fire giant's attack.
You block the vampire knight's attack. x2
The titan hits you but does no damage. The fire giant casts a spell at you.
The bolt of fire hits you!
* * * LOW HITPOINT WARNING * * *
The deep elf high priest invokes the aid of its god against you.
Something smites you!
* * * LOW HITPOINT WARNING * * *
A red film seems to cover your vision as you go berserk!
You feel yourself moving faster!
You feel mighty!
You feel somewhat more hungry.
You block the vampire knight's attack. x2
The titan hits you but does no damage. The fire giant casts a spell at you.
The bolt of fire hits you!
You die...

#.#.###################..# #...
###.#.#.....#.....#.....#..# #...
....'.#.....#...).#.....#..###...
....#.#....C#/....#.....#.<..'.!.
###.#.#...CC#...).#.....#.#.##...
..#.#.#...iC#.....#.....#.#.###'#
..#.#.##########e####.###...# #.#
..#.#.#.....#..VCC#.....#...###.#
..(...#.....#...@.#.....#........
..#(#.#.....#.....#.....#.####.##
..#(#.#.....#.....#.....#.## #.#
###...#...........).((..#[.###.#
#.#.###############)###..##..#
#)#...............().....'..###
#)#...........######.....##....
#)#####.#####.# #.....###### #)#
##'#####.# #.....#


You could see a juggernaut, a titan, 2 fire giants, a vampire knight, 2 ettins
and a deep elf high priest.

Vanquished Creatures
  Vashnia (Snake:2)
  Norris (Elf:3)
  Saint Roka (Depths:2)
  The ghost of mmcf the Grand Gadgeteer, a veteran KoAs of Pakellas (Depths:2)
  Nikola (Elf:3)
  A tentacled monstrosity (Depths:2)
  Rupert (D:13)
  A lich (Depths:3)
  3 deep elf blademasters
  2 deep elf master archers (Elf:3)
  2 sphinxes
  Gastronok (Lair:1)
  A tentacled starspawn (Abyss:3)
  Frances (Snake:2)
  A tengu reaver (Depths:2)
  Roxanne (Swamp:4)
  A shadow dragon (Depths:3)
  9 greater nagas
  3 fire giants
  2 frost giants
  Louise (Elf:3)
  4 deep elf elementalists (Elf:3)
  Wiglaf (Snake:2)
  4 deep elf sorcerers (Elf:3)
  A cacodemon (Depths:1)
  2 spriggan defenders (Depths:3)
  9 very ugly things
  A vampire knight (Depths:2)
  The ghost of Lovchig the Cleaver, a journeyman DDFi of the Shining One (D:15)
  2 deep elf demonologists
  7 stone giants
  4 dire elephants (Lair:8)
  3 deep elf annihilators (Elf:3)
  Azrael (Elf:2)
  A death ooze (Swamp:4)
  5 ettins
  2 green deaths (Swamp:4)
  9 deep elf death magi (Elf:3)
  A minotaur (Lab)
  5 fire dragons
  A deep elf high priest (Elf:1)
  5 entropy weavers
  2 ice dragons
  3 yaktaur captains (Depths:3)
  7 great orbs of eyes
  18 naga warriors
  3 ghost crabs
  3 hell beasts
  3 rakshasas
  Erolcha (Orc:2)
  18 hydras
  4 catoblepae
  2 spriggan air magi
  31 dancing weapons
  12 anacondas
  5 deep troll earth magi
  11 death yaks
  7 alligators
  6 ogre magi
  4 centaur warriors
  3 deep troll shamans
  An orc high priest (Elf:1)
  3 thrashing horrors (Abyss:3)
  16 naga sharpshooters
  14 deep elf knights
  2 spriggan berserkers
  A vampire mage (Depths:2)
  9 shock serpents
  12 hell knights (Depths:2)
  7 large abominations
  A sun demon (Depths:3)
  Nergalle (D:10)
  Sonja (D:14)
  A soul eater (Depths:1)
  2 spriggans
  3 skeletal warriors (D:12)
  2 wretched stars (Abyss:3)
  A salamander mystic (Snake:3)
  14 deep trolls
  2 giant orange brains
  2 spriggan druids
  A wizard (Depths:3)
  4 sea snakes (Snake:3)
  8 swamp dragons
  An orange crystal statue (Elf:2)
  5 hill giants
  2 naga ritualists
  2 unseen horrors
  15 deep elf archers
  A lindwurm (Orc:2)
  A shambling mangrove (Swamp:3)
  Pikel (D:4)
  5 ugly things
  6 mana vipers
  An orc knight (Orc:1)
  3 griffons
  A mana viper (shapeshifter) (Elf:3)
  An oklob plant (D:14)
  9 orc sorcerers
  A necromancer (Lair:6)
  A cyclops (D:13)
  60 deep elf magi
  6 manticores
  9 salamanders
  A sixfirhy (Depths:1)
  A worldbinder (Abyss:3)
  20 elephants
  6 guardian serpents
  22 naga magi
  38 black mambas
  3 orange demons
  A rust devil (Depths:3)
  A smoke demon (Abyss:3)
  4 gargoyles
  17 spiny frogs
  3 torpor snails (Lair:4)
  A kobold demonologist (Depths:2)
  17 yaktaurs
  A centaur skeleton (D:10)
  3 rime drakes
  8 komodo dragons
  2 ice devils
  A merfolk (shapeshifter) (Depths:2)
  The ghost of Thomus the Conjurer, a novice DECj of Vehumet (D:5)
  3 ancient zymes (Abyss:3)
  5 giant leeches
  2 minotaur zombies (Lab)
  9 trolls
  A polar bear (Lair:3)
  A jumping spider (shapeshifter) (Depths:2)
  8 two-headed ogres
  12 bog bodies
  Prince Ribbit (Lair:1)
  A fire dragon zombie (Abyss:3)
  43 blink frogs
  4 raiju
  18 slime creatures
  5 air elementals
  Sigmund (D:5)
  3 tarantellas
  6 redbacks
  3 flying skulls (Depths:3)
  4 shadows (Swamp:4)
  2 vampires
  3 water elementals
  A ynoxinul (Abyss:3)
  2 wyverns
  4 basilisks
  56 yaks
  2 hungry ghosts
  8 hippogriffs
  8 fire elementals
  A neqoxec (Abyss:3)
  15 vampire mosquitoes
  3 mottled dragons
  59 nagas
  10 insubstantial wisps
  22 swamp worms
  2 wargs
  18 water moccasins
  2 giant eyeballs (Depths:3)
  8 porcupines
  5 hell hounds (Elf:2)
  16 orc warriors
  8 swamp drakes
  2 ice beasts
  2 black bears
  4 slaves
  An eye of draining (D:13)
  2 sky beasts
  4 wasps
  2 necrophages
  22 ogres
  7 boggarts
  8 wolves
  12 centaurs
  16 crocodiles
  20 giant frogs
  5 big kobolds
  3 earth elementals
  A wyvern zombie (D:12)
  A water moccasin zombie (D:5)
  A wyvern skeleton (D:13)
  4 scorpions
  3 small abominations
  4 killer bees
  The ghost of Lucio the Poker, a weakling MfGl (D:3)
  8 electric eels
  3 howler monkeys
  9 crimson imps
  4 centaur zombies
  A giant frog zombie (D:12)
  A wasp zombie (D:12)
  4 hounds
  15 jellies
  9 orc priests
  9 iguanas
  2 giant frog skeletons
  An iron imp (Abyss:3)
  30 orc wizards
  A polar bear simulacrum (Lair:6)
  8 worker ants
  9 hell rats (Lair:3)
  4 yak simulacra (Lair:6)
  2 wolf simulacra (Lair:6)
  17 sheep
  4 hound skeletons
  8 gnolls
  17 adders
  93 river rats
  2 shadow imps
  12 white imps (Snake:4)
  15 oozes
  An adder skeleton (D:4)
  4 worms
  2 dart slugs
  6 giant geckos
  50 orcs
  4 giant cockroaches
  9 goblins
  9 hobgoblins
  19 jackals
  4 quokkas
  3 ball pythons
  14 bats
  8 giant newts
  A jackal skeleton (D:4)
  16 kobolds
  23 rats
  4 river rat simulacra (Lair:6)
  2 fungi
  2 plants
1617 creatures vanquished.

Vanquished Creatures (others)
  A vampire mage (Depths:3)
  A naga ritualist (Snake:1)
  2 deep elf magi (Elf:3)
  A blink frog (Swamp:3)
  A swamp worm (Swamp:4)
  33 fungi
  12 plants
  4 starspawn tentacles (Abyss:3)
  16 starspawn tentacle segments (Abyss:3)
71 creatures vanquished.

Grand Total: 1688 creatures vanquished

Notes
Turn   | Place    | Note
--------------------------------------------------------------
     0 | D:1      | theElss the Gargoyle Berserker began the quest for the Orb.
     0 | D:1      | Reached XP level 1. HP: 14/14 MP: 1/1
   199 | D:1      | Reached XP level 2. HP: 13/19 MP: 2/2
   470 | D:1      | Reached ** piety under Trog
   635 | D:1      | Reached XP level 3. HP: 24/24 MP: 3/3
  1370 | D:2      | Reached skill level 4 in Fighting
  1517 | D:2      | Reached XP level 4. HP: 29/29 MP: 4/4
  2049 | D:2      | Found an oddly glowing altar of Pakellas.
  2147 | D:2      | Reached *** piety under Trog
  2532 | D:3      | Found a faded altar to an unknown god.
  2549 | D:3      | Reached XP level 5. HP: 34/34 MP: 5/5
  2864 | D:3      | Found a glowing golden altar of the Shining One.
  3136 | D:3      | Noticed Lucio's ghost (weakling MfGl)
  3178 | D:3      | Killed Lucio's ghost
  3178 | D:3      | Reached skill level 5 in Fighting
  3308 | D:4      | Noticed a centaur
  3320 | D:4      | Killed a centaur
  3320 | D:4      | Received a gift from Trog
  3320 | D:4      | Reached skill level 5 in Maces & Flails
  3320 | D:4      | Reached XP level 6. HP: 40/40 MP: 6/6
  3605 | D:4      | Noticed a slave
  3634 | D:3      | Killed a slave
  3767 | D:4      | Noticed a slave
  3781 | D:4      | Noticed a slave
  3782 | D:4      | Killed a slave
  3783 | D:4      | Noticed Pikel
  3874 | D:4      | Killed a slave
  3875 | D:4      | Noticed a slave
  3897 | D:4      | Killed a slave
  4187 | D:4      | Found Ireozoac's Distillery.
  4200 | D:4      | Bought a potion of heal wounds for 60 gold pieces
  4441 | D:4      | Found a white marble altar of Elyvilon.
  4499 | D:4      | Found a basalt altar of Yredelemnul.
  4576 | D:4      | Killed Pikel
  4576 | D:4      | Reached skill level 6 in Fighting
  4576 | D:4      | Reached skill level 5 in Armour
  4576 | D:4      | Reached XP level 7. HP: 47/47 MP: 7/7
  4576 | D:4      | Reached XP level 8. HP: 52/52 MP: 8/8
  4836 | D:5      | Entered Level 5 of the Dungeon
  4836 | D:5      | Noticed Thomus's ghost (novice DECj)
  5019 | D:5      | Killed Thomus's ghost
  5019 | D:5      | Reached **** piety under Trog
  5019 | D:5      | Reached skill level 7 in Fighting
  5193 | D:5      | Noticed Sigmund
  5208 | D:5      | Killed Sigmund
  5418 | D:5      | Reached XP level 9. HP: 56/59 MP: 9/9
  5600 | D:5      | Reached skill level 8 in Fighting
  5804 | D:6      | Found a radiant altar of Vehumet.
  5805 | D:6      | Found a shattered altar of Ashenzari.
  5805 | D:6      | Found a burning altar of Makhleb.
  5807 | D:6      | Found an opulent altar of Gozag.
  5807 | D:6      | Found an iron altar of Okawaru.
  5880 | D:6      | Found a snail-covered altar of Cheibriados.
  5880 | D:6      | Found a stormy altar of Qazlal.
  5983 | D:6      | Found a glowing silver altar of Zin.
  6137 | D:6      | Found Kumerghu's Antique Weapon Boutique.
  6141 | D:6      | Found a sparkling altar of Nemelex Xobeh.
  6619 | D:4      | Bought a potion of might for 48 gold pieces
  6619 | D:4      | Bought a potion of haste for 120 gold pieces
  6706 | D:7      | Found a staircase to the Ecumenical Temple.
  7432 | D:8      | Reached ***** piety under Trog
  7444 | D:8      | Reached skill level 9 in Fighting
  7696 | D:8      | Found a staircase to the Lair.
  8217 | D:9      | Reached XP level 10. HP: 64/66 MP: 10/10
  8507 | D:9      | Got a heavily runed plate armour
  8666 | D:9      | Found an ancient bone altar of Kikubaaqudgha.
  9095 | D:9      | Identified the +8 plate armour of the Blessings {rF- MP+9 Str+8} (You found it on level 9 of the Dungeon)
  9262 | Lair:1   | Entered Level 1 of the Lair of Beasts
  9299 | Lair:1   | Noticed a seven-headed hydra
  9318 | Lair:1   | Killed a seven-headed hydra
  9318 | Lair:1   | Reached skill level 10 in Armour
  9506 | Lair:1   | Noticed a spiny frog
  9519 | Lair:1   | Killed a spiny frog
  9539 | Lair:1   | Noticed a spiny frog
  9547 | Lair:1   | Killed a spiny frog
  9547 | Lair:1   | Reached skill level 10 in Fighting
  9778 | Lair:1   | Reached XP level 11. HP: 50/72 MP: 11/11
  9802 | Lair:1   | Received a gift from Trog
  9815 | Lair:1   | Got an encrusted eveningstar {god gift}
  9816 | Lair:1   | Identified the +8 eveningstar of an ossuary {holy, *Noise Dex+6} (Trog gifted it to you on level 1 of the Lair of Beasts)
  9838 | Lair:1   | Noticed Gastronok
  9854 | Lair:1   | Noticed Prince Ribbit
  9882 | Lair:1   | Reached skill level 10 in Maces & Flails
  9890 | Lair:1   | Killed Prince Ribbit
 10273 | Lair:1   | Killed Gastronok
 10668 | Lair:2   | Reached skill level 11 in Fighting
 10862 | Lair:2   | Found a labyrinth entrance.
 10937 | Lab      | Entered a labyrinth
 11057 | Lab      | Noticed a minotaur
 11064 | Lab      | Killed a minotaur
 11064 | Lab      | Reached XP level 12. HP: 80/80 MP: 12/12
 11650 | D:4      | Bought a potion of flight for 36 gold pieces
 11650 | D:4      | Bought a potion of magic for 96 gold pieces
 11650 | D:4      | Bought a potion of invisibility for 96 gold pieces
 11650 | D:4      | Bought a potion of degeneration for 12 gold pieces
 11865 | Lair:3   | Reached skill level 12 in Fighting
 11894 | Lair:3   | Found a staircase to the Swamp.
 12016 | Lair:3   | Found a staircase to the Snake Pit.
 12486 | Lair:3   | Received a gift from Trog
 12846 | Lair:4   | Found a snail-covered altar of Cheibriados.
 13343 | Lair:4   | Noticed a six-headed hydra
 13352 | Lair:4   | Killed a six-headed hydra
 13973 | Lair:5   | Reached skill level 13 in Fighting
 13979 | Lair:5   | Received a gift from Trog
 13979 | Lair:5   | Reached XP level 13. HP: 74/88 MP: 13/13
 14404 | Lair:5   | Got a pair of smoking boots
 14415 | Lair:5   | Identified the +1 pair of boots "Zuilil" {rElec rC- Str+10 Slay+3} (You found it on level 5 of the Lair of Beasts)
 14897 | Lair:6   | Reached skill level 1 in Shields
 15802 | Lair:6   | Received a gift from Trog
 15809 | Lair:6   | Reached skill level 5 in Shields
 16045 | Lair:7   | Gained mutation: Your large and strong wings let you fly indefinitely. [Gargoyle growth]
 16045 | Lair:7   | Reached XP level 14. HP: 55/95 MP: 14/14
 16282 | Lair:7   | Reached skill level 14 in Fighting
 16745 | Lair:8   | Entered Level 8 of the Lair of Beasts
 16758 | Lair:8   | Reached ****** piety under Trog
 16780 | Lair:8   | Received a gift from Trog
 16934 | Lair:7   | Reached skill level 10 in Shields
 17543 | Lair:8   | Found a staircase to the Slime Pits.
 18449 | Lair:8   | Noticed a dire elephant
 18449 | Lair:8   | Noticed a dire elephant
 18469 | Lair:8   | Killed a dire elephant
 18473 | Lair:8   | Killed a dire elephant
 18661 | Lair:8   | Noticed a dire elephant
 18671 | Lair:8   | Noticed a dire elephant
 18671 | Lair:8   | Killed a dire elephant
 18679 | Lair:8   | Killed a dire elephant
 18916 | Lair:8   | Reached XP level 15. HP: 100/100 MP: 15/15
 19157 | D:10     | Entered Level 10 of the Dungeon
 19184 | D:10     | Got a steaming cloak
 19195 | D:10     | Got a smoking mace
 19206 | D:10     | Identified the +2 cloak of Cheibriados's Scorn {Str-2 Dex+4 SInv} (You found it on level 10 of the Dungeon)
 19332 | D:10     | Identified the cursed +1 mace of Teotaga {speed, *Contam rPois MP+9 Int+4} (You found it on level 10 of the Dungeon)
 19351 | D:10     | Received a gift from Trog
 19391 | D:10     | Gained mutation: You are frail (-10% HP). [mutagenic glow]
 19634 | D:10     | Found a portal to a secret trove of treasure.
 19656 | D:10     | Noticed Nergalle
 19664 | D:10     | Killed Nergalle
 20687 | D:11     | Found an opulent altar of Gozag.
 20866 | D:11     | Found a staircase to the Orcish Mines.
 21037 | Orc:1    | Entered Level 1 of the Orcish Mines
 21203 | Orc:1    | Reached skill level 15 in Shields
 21303 | Orc:1    | Received a gift from Trog
 21551 | Orc:2    | Entered Level 2 of the Orcish Mines
 21577 | Orc:2    | Paralysed by an orc sorcerer for 3 turns
 21639 | Orc:2    | Found Soruutiy's Quality Used Wands.
 21752 | Orc:2    | Found Qothroeke's Antique Armour Emporium.
 21778 | Orc:2    | Found a dark tunnel.
 21783 | Orc:2    | HP: 1/90 [lindwurm/blast of flame (45)]
 22214 | Orc:2    | Paralysed by an ogre mage for 2 turns
 22335 | Orc:2    | Found a staircase to the Elven Halls.
 22493 | Orc:2    | Found Elim's Gadget Boutique.
 22517 | Orc:2    | Found an ancient bone altar of Kikubaaqudgha.
 22539 | Orc:2    | Paralysed by an orc sorcerer for 5 turns
 22545 | Orc:2    | Received a gift from Trog
 22578 | Orc:2    | Found Fyluil's Antique Weapon Boutique.
 22588 | Orc:2    | Found a roughly hewn altar of Beogh.
 22589 | Orc:2    | Found Yrurat's Gadget Boutique.
 22597 | Orc:2    | Noticed Erolcha
 22604 | Orc:2    | Killed Erolcha
 22607 | Orc:2    | Found a radiant altar of Vehumet.
 22639 | Orc:2    | Found Anel's Magic Scroll Shop.
 22646 | Orc:2    | Bought a scroll of identify for 30 gold pieces
 22646 | Orc:2    | Bought a scroll of identify for 30 gold pieces
 22646 | Orc:2    | Bought a scroll of identify for 30 gold pieces
 23214 | D:12     | Found a sparkling altar of Nemelex Xobeh.
 23722 | D:13     | Noticed Rupert
 23734 | D:13     | Killed Rupert
 23734 | D:13     | Reached XP level 16. HP: 72/95 MP: 16/16
 24138 | D:14     | Noticed Sonja
 24190 | D:14     | Killed Sonja
 24226 | D:14     | Found a gate to the Vaults.
 24324 | D:14     | Found a shimmering altar of Xom.
 24449 | D:14     | Received a gift from Trog
 25006 | D:15     | Entered Level 15 of the Dungeon
 25304 | D:15     | Noticed Lovchig's ghost (journeyman DDFi)
 25309 | D:15     | Killed Lovchig's ghost
 25414 | D:15     | Reached skill level 1 in Evocations
 25416 | D:15     | Found a staircase to the Depths.
 26508 | Swamp:1  | Entered Level 1 of the Swamp
 28119 | Swamp:3  | Reached skill level 15 in Fighting
 28639 | Swamp:3  | Reached skill level 16 in Fighting
 28951 | Swamp:4  | Entered Level 4 of the Swamp
 29023 | Swamp:4  | Noticed Roxanne
 29104 | Swamp:3  | Reached XP level 17. HP: 69/103 MP: 19/19
 30031 | Swamp:4  | Identified a scroll of acquirement
 30076 | Swamp:4  | Received a gift from Trog
 30219 | Swamp:4  | Reached skill level 15 in Maces & Flails
 30369 | Swamp:4  | Reached skill level 17 in Fighting
 30418 | Swamp:4  | Got a decaying rune of Zot
 30654 | Swamp:4  | Killed Roxanne
 30956 | Snake:1  | Entered Level 1 of the Snake Pit
 31054 | Snake:1  | Reached skill level 5 in Evocations
 31563 | Snake:1  | Reached skill level 15 in Armour
 32024 | Snake:2  | Noticed Frances
 32044 | Snake:2  | Killed Frances
 32129 | Snake:2  | Noticed Vashnia
 32267 | Snake:2  | Killed Vashnia
 32440 | Snake:2  | Reached XP level 18. HP: 102/111 MP: 22/22
 32616 | Snake:2  | Received a gift from Trog
 32667 | Snake:2  | Noticed Wiglaf
 32679 | Snake:2  | Killed Wiglaf
 32698 | Snake:2  | Reached skill level 18 in Fighting
 34265 | Snake:3  | Found Saadd's Food Shoppe.
 34334 | Snake:3  | Found Vipnyall's Antique Armour Emporium.
 34362 | Snake:3  | Bought a pair of runed gloves for 171 gold pieces
 34843 | Snake:3  | Found Henaacici's Armour Emporium.
 34845 | Snake:3  | Found Maisa's Food Emporium.
 34851 | Snake:3  | Bought the +2 helmet of Cowardice {Int+2} for 385 gold pieces
 34990 | Snake:4  | Entered Level 4 of the Snake Pit
 35029 | Snake:4  | Received a gift from Trog
 35259 | Snake:4  | Found a runed door.
 35493 | Snake:4  | Found a frozen archway.
 35987 | Snake:4  | Reached skill level 19 in Fighting
 36079 | Snake:4  | Got a shimmering troll leather armour
 36090 | Snake:4  | Identified the +4 troll leather armour of Piefel {+Fly rF- rC+ Regen+} (You found it on level 4 of the Snake Pit)
 36249 | Snake:4  | Received a gift from Trog
 36315 | Snake:4  | Reached XP level 19. HP: 108/119 MP: 24/24
 36337 | Snake:4  | Identified the Grimoire of Ashen Poisoning (You found it on level 4 of the Snake Pit)
 36529 | Snake:4  | Got a serpentine rune of Zot
 36982 | Elf:1    | Entered Level 1 of the Elven Halls
 37230 | Elf:1    | Received a gift from Trog
 37635 | Elf:1    | Got a fine flail {god gift}
 37777 | Elf:1    | Identified the +5 flail of Trog's Scorn {freeze, rPois Int+4} (Trog gifted it to you on level 1 of the Elven Halls)
 37953 | Elf:1    | Identified Mnoleg's Catalogue of Calling (You found it on level 1 of the Elven Halls)
 38040 | Elf:1    | Noticed a Hell Sentinel
 38041 | Elf:1    | Cast into level 3 of the Abyss (a deep elf demonologist)
 38248 | Elf:1    | Escaped the Abyss
 38447 | Elf:1    | Received a gift from Trog
 38873 | Elf:1    | Found Vimniann's Antique Weapon Shoppe.
 39182 | Elf:2    | Noticed Azrael
 39186 | Elf:2    | Killed Azrael
 39242 | Elf:2    | Found a runed gate.
 39245 | Elf:2    | Found a runed gate.
 39246 | Elf:2    | Found a runed gate.
 39289 | Elf:2    | Reached skill level 20 in Fighting
 39495 | Elf:2    | Reached XP level 20. HP: 45/126 MP: 26/26
 39508 | Elf:3    | Entered Level 3 of the Elven Halls
 39508 | Elf:3    | Noticed Nikola
 39528 | Elf:3    | Killed Nikola
 40738 | Elf:2    | Received a gift from Trog
 41356 | Elf:3    | Found Syppakh's General Store.
 41478 | Elf:3    | Noticed Norris
 41494 | Elf:3    | Killed Norris
 41753 | Elf:3    | Noticed Louise
 41792 | Elf:3    | Killed Louise
 41801 | Elf:3    | Killed the ghostly Louise
 41824 | Elf:3    | Received a gift from Trog
 42165 | Elf:3    | Reached skill level 10 in Evocations
 42724 | Elf:3    | Got a coiled jade ring
 42728 | Elf:3    | Got an ancient mottled dragon armour
 42847 | Elf:3    | Identified the +0 mottled dragon armour of the Wumpus {rPois Int+8} (You took it off a deep elf sorcerer on level 3 of the Elven Halls)
 42862 | Elf:3    | Identified the ring "Cusephoa" {Fire Str+4} (You took it off a deep elf elementalist on level 3 of the Elven Halls)
 42926 | Elf:3    | Got a smoking platinum ring
 42929 | Elf:3    | Identified the ring "Bejut" {Ice rElec Dex+4} (You took it off a deep elf archer on level 3 of the Elven Halls)
 42950 | Elf:3    | Got a faintly glowing fire dragon armour
 42998 | Elf:3    | Got a brightly glowing cloak
 43030 | Elf:3    | Reached XP level 21. HP: 133/133 MP: 28/28
 43058 | Elf:3    | Identified the +1 cloak of the Illusory Gods {-Tele rPois MP+9 Str+4} (You found it on level 3 of the Elven Halls)
 43079 | Elf:3    | Identified the +2 fire dragon armour of Vuepreokh {*Contam rPois rF++ rC- MR+} (You found it on level 3 of the Elven Halls)
 43093 | Elf:3    | Gained mutation: You are dopey. (Int -2) [mutagenic glow]
 43268 | Elf:1    | Received a gift from Trog
 43461 | Depths:1 | Entered Level 1 of the Depths
 43533 | Depths:1 | Paralysed by a great orb of eyes for 7 turns
 43667 | Depths:1 | Found Fitzikhi's Pet Rocks.
 43747 | Depths:1 | Found a one-way gate leading to the halls of Pandemonium.
 43865 | Depths:1 | Found a gateway to Hell.
 44275 | Depths:1 | Found a one-way gate to the infinite horrors of the Abyss.
 44692 | Depths:2 | Reached skill level 21 in Fighting
 44737 | Depths:2 | Noticed a juggernaut
 44892 | Depths:2 | Found a gateway to a ziggurat.
 45292 | Depths:2 | Noticed mmcf's ghost (veteran KoAs)
 45610 | Depths:2 | Received a gift from Trog
 45995 | Depths:2 | Killed mmcf's ghost
 46346 | Depths:2 | Found a shattered altar of Ashenzari.
 46463 | Depths:2 | Noticed Saint Roka
 46822 | Depths:2 | Killed Saint Roka
 47472 | Depths:3 | Received a gift from Trog
 47985 | Depths:3 | Reached XP level 22. HP: 131/139 MP: 30/30
 48574 | Depths:1 | Received a gift from Trog
 50149 | Elf:3    | Got a shimmering long sword {flame}
 50587 | Snake:4  | Got a heavily runed leather armour
 50598 | Snake:4  | Identified the +0 leather armour of the Earth {rF+ Regen+} (You found it on level 4 of the Snake Pit)
 50825 | Lair:2   | Identified the +9 long sword of Oshruac {flame, +Blink +Fly} (You took it off a deep elf sorcerer on level 3 of the Elven Halls)
 51155 | Depths:2 | Paralysed by a sphinx for 6 turns
 51227 | Depths:2 | Reached skill level 22 in Fighting
 51609 | Depths:2 | Killed from afar by a fire giant

Skill      XL: |  1  2  3  4  5  6  7  8  9 10 11 12 13 14 15 16 17 18 19 20 21 22 |
---------------+-------------------------------------------------------------------+-----
Fighting       | 4 5 6 7 9 10 11 13 14 16 17 19 20 21 22 | 22.1
Maces & Flails | 4 5 6 7 8 9 11 13 14 16 17 18 19 21 | 21.0
Armour         | 3 5 7 8 11 12 13 14 15 16 17 | 17.3
Shields        | 7 13 16 18 | 18.0
Evocations     | 3 6 7 9 10 11 | 11.7
Dodging        | |  1.5

Action                   |  1- 3 |  4- 6 |  7- 9 | 10-12 | 13-15 | 16-18 | 19-21 | 22-24 || total
-------------------------+-------+-------+-------+-------+-------+-------+-------+-------++-------
Melee: Mace              |   125 |   328 |   414 |       |       |       |       |       ||   867
       Flail             |       |       |    80 |   259 |       |       |       |       ||   339
       Whip              |       |       |    15 |       |       |       |       |       ||    15
       Eveningstar       |       |       |       |   509 |  1071 |  1345 |  1454 |   189 ||  4568
Invok: Berserk           |     1 |     5 |     4 |     6 |     2 |     4 |     5 |     3 ||    30
       Burn Spellbooks   |       |       |       |       |       |     1 |       |       ||     1
       Trog's Hand       |       |       |       |       |       |       |     1 |     1 ||     2
 Abil: Fly               |       |       |       |       |     1 |     1 |       |       ||     2
Evoke: Wand              |       |       |       |     2 |       |       |       |     3 ||     5
  Use: Scroll            |       |     4 |       |    10 |     9 |     6 |     2 |       ||    31
       Potion            |       |       |       |       |       |       |     1 |       ||     1
 Stab: Sleeping          |       |     1 |       |       |       |       |       |       ||     1
       Distracted        |       |       |     1 |       |       |       |       |       ||     1
       Petrified         |       |       |       |       |       |       |     2 |       ||     2
  Eat: Chunk             |     3 |    14 |    16 |    33 |    36 |    45 |    45 |     5 ||   197
       Pizza             |       |       |     1 |       |       |       |       |       ||     1
       Meat ration       |       |       |       |     3 |       |       |       |       ||     3
       Bread ration      |       |       |       |     1 |       |       |       |       ||     1
       Royal jelly       |       |       |       |     1 |       |       |       |       ||     1
       Beef jerky        |       |       |       |     1 |       |       |       |       ||     1
Armor: Animal skin       |    35 |    23 |       |       |       |       |       |       ||    58
       Plate armour      |       |   209 |   430 |   698 |   632 |   541 |   603 |    78 ||  3191
Dodge: Dodged            |   104 |   143 |   218 |   396 |   191 |   212 |   231 |    30 ||  1525
Block: Large shield      |       |       |       |       |  1199 |  1523 |  1549 |   184 ||  4455
